 Dungeon Crawl Stone Soup version 0.26-a0-474-gfaca0e1de5 (webtiles) character file.

Game seed: 3636276286325769250

140231 Infinimo the Fencer (level 16, 0/132 HPs)
             Began as a Demonspawn Fighter on July 31, 2020.
             Was an Initiate of Gozag.
             Succumbed to a sea snake's poison
             ... on level 3 of the Shoals.
             The game lasted 00:43:39 (30990 turns).

Infinimo the Fencer (Demonspawn Fighter)           Turns: 30990, Time: 00:43:40

Health: 0/132      AC: 36    Str: 22    XL:     16   Next: 75%
Magic:  16/16      EV:  4    Int: 13    God:    Gozag
Gold:   1694       SH: 13    Dex: 13    Spells: 15/15 levels left

rFire    + + .     SeeInvis +   y - +0 scimitar
rCold    + . .     Faith    .   z - +0 kite shield {rF+}
rNeg     + . .     Spirit   .   Q - +1 crystal plate armour
rPois    .         Reflect  .   D - +0 mask of the Dragon {MR+ Slay+3 SInv}
rElec    .         Harm     .   c - scarf {rC+ rF+}
rCorr    .                      K - +2 pair of gloves
MR       ++...                  R - +1 pair of boots "Danifagu" {Slay+2}
Stlth    ..........             r - amulet of regeneration
HPRegen  0.72/turn              A - ring of positive energy
MPRegen  0.15/turn              H - +4 ring of protection

@: lethally poisoned (0 -> -82)
A: hooves 2, slimy green scales 2, blink, clever 1, powered by death 2,
evolution 1, rot immunity, subdued magic 1
a: Blink, Potion Petition, Call Merchant, Bribe Branch, Renounce Religion


You were on level 3 of the Shoals.
You worshipped Gozag.
Gozag was most pleased with you.
You visited 5 branches of the dungeon, and saw 27 of its levels.
You visited the Abyss 1 time.
You also visited: Ossuary.

You collected 9842 gold pieces.
You spent 5076 gold pieces at shops.
You paid 3072 gold pieces to Gozag.

Inventory:

Hand Weapons
 y - a +0 scimitar (weapon)
Armour
 c - a scarf of resistance (worn)
 z - a +0 kite shield of fire resistance (worn)
 D - the +0 mask of the Dragon (worn) {MR+ Slay+3 SInv}
   (You bought it in a shop on level 9 of the Dungeon)

   It affects your accuracy and damage with ranged weapons and melee attacks
   (+3).
   It affects your resistance to hostile enchantments.
   It lets you see invisible.
 K - a +2 pair of gloves (worn)
 Q - a +1 crystal plate armour (worn)
 R - the +1 pair of boots "Danifagu" (worn) {Slay+2}
   (You bought it in a shop on level 2 of the Orcish Mines)

   It affects your accuracy and damage with ranged weapons and melee attacks
   (+2).
Jewellery
 l - a cursed ring of teleportation {unknown}
 r - an amulet of regeneration (around neck)
 A - a ring of positive energy (left hand)
 H - a +4 ring of protection (right hand)
Wands
 x - a wand of iceblast (2)
 I - a wand of digging (7)
 J - a wand of disintegration (27)
Scrolls
 a - 5 scrolls of blinking
 e - 13 scrolls of amnesia
 f - 4 scrolls of teleportation
 p - 9 scrolls of enchant weapon
 q - 6 scrolls of magic mapping
 s - 6 scrolls of remove curse
 v - 5 scrolls of fear
 G - 2 scrolls of holy word
 M - a scroll of fog
 N - 3 scrolls of enchant armour
 O - 5 scrolls of identify
 P - a scroll of random uselessness
Potions
 b - 3 potions of cancellation
 d - 2 potions of might
 g - 4 potions of brilliance
 h - a potion of heal wounds
 i - a potion of lignification
 j - 8 potions of mutation
 k - 3 potions of magic
 m - 8 potions of curing
 n - 5 potions of haste
 t - 3 potions of stabbing
 u - a potion of degeneration
 w - 6 potions of flight
 B - 3 potions of ambrosia
 L - 2 potions of resistance


   Skills:
 + Level 13.9 Fighting
 * Level 17.1 Long Blades
 + Level 12.9 Armour
 + Level 12.9 Shields


You had 15 spell levels left.
You didn't know any spells.
Your spell library contained the following spells:

 Spells                   Type           Power        Failure   Level
 Corona                   Hex            #......      100%        1
 Freeze                   Ice            #...         100%        1
 Slow                     Hex            #.......     100%        2
 Frozen Ramparts          Ice            #.....       100%        3
 Ignite Poison            Fire/Tmut/Pois #.......     100%        3
 Inner Flame              Hex/Fire       #.......     100%        3
 Ozocubu's Armour         Ice            #.......     100%        3
 Portal Projectile        Hex/Tloc       #.....       100%        3
 Cause Fear               Hex            #.........   100%        4
 Hailstorm                Conj/Ice       #.......     100%        4
 Ice Form                 Ice/Tmut       #.......     100%        4
 Leda's Liquefaction      Hex/Erth       #.........   100%        4
 Summon Ice Beast         Ice/Summ       #.......     100%        4
 Fireball                 Conj/Fire      #.........   100%        5
 Metabolic Englaciation   Hex/Ice        #.........   100%        5
 Freezing Cloud           Conj/Ice/Air   #.........   100%        6
 Ozocubu's Refrigeration  Ice            #.........   100%        6
 Simulacrum               Ice/Necr       #.........   100%        6
 Starburst                Conj/Fire      #.........   100%        6
 Ignition                 Fire           #.........   100%        8


Dungeon Overview and Level Annotations

Branches:
Dungeon (15/15)            Temple (1/1) D:6            Lair (6/6) D:11
 Shoals (3/4) Lair:3        Snake (0/4) Lair:3        Slime (0/5) Lair:5
    Orc (2/2) D:12            Elf (0/3) Orc:2        Vaults (0/5) D:14
 Depths (0/5) D:15        Ossuary (visited)

Altars:
Ashenzari
Cheibriados
Dithmenos
Elyvilon
Fedhas
Gozag
Hepliaklqana
Kikubaaqudgha
Makhleb
Nemelex Xobeh
Okawaru
Qazlal
Ru
Sif Muna
Trog
Uskayaw
Vehumet
Wu Jian
Xom
Yredelemnul
Zin
The Shining One
Jiyva

Shops:
D:9 [}!*}   D:12 *   D:15 [[   Orc:1 *   Orc:2 ([}[(   Lair:6 [(   Shoals:2 (}}


Innate Abilities, Weirdness & Mutations

You have hoof-like feet.
You are mostly covered in slimy green scales. (AC +3)
You regenerate health from kills.
You are immune to rotting.
You can translocate small distances at will.
Your mind is acute. (Int +2)
You evolve.
Your spells are a little easier to cast, but a little less powerful.


Message History

Splash!
You fall into the shallow water.
Moving in this stuff is going to be slow.
You feel very sick. The sea snake bites you.
You are more poisoned.
The sea snake poisons you!
You feel extremely sick.
The water nymph gestures at you while chanting.
The water swirls and strikes you!!
* * * LOW HITPOINT WARNING * * *
You block the sea snake's attack. The sea snake bites you!
* * * LOW HITPOINT WARNING * * *
You are more poisoned.
The sea snake poisons you!
* * * LOW HITPOINT WARNING * * *
You feel extremely sick. You block the sea snake's attack. x2
You die...
Your body crumbles into a pile of gold.

≈≈≈≈≈≈≈≈≈≈≈≈......./...........
≈≈≈≈≈≈≈≈≈≈≈≈≈....≈≈<..##..#....
≈≈≈≈≈≈≈≈≈≈≈≈.....≈≈≈..##.......
≈≈≈≈.≈≈≈≈≈........≈≈...#.......
≈≈≈≈≈≈≈≈≈.........≈≈..###!...
≈≈≈≈≈≈≈≈≈.....)....≈≈..# ...
≈≈..#.≈≈≈≈.........≈≈....
≈≈..##.≈≈≈≈........≈≈≈...≈
..≈≈...≈≈≈≈≈..@.....≈≈≈.≈≈
..≈≈...≈≈≈≈≈.....##.≈≈≈≈≈
≈≈≈≈≈.≈≈≈≈≈mSS≈...##.≈≈≈
≈≈..≈≈...≈≈≈≈≈≈≈....≈≈
≈≈....###≈≈H≈≈≈≈≈≈≈≈≈≈ ≈...≈.
#≈≈≈≈≈≈≈≈≈≈≈≈≈ ≈≈..≈.
##m≈≈≈≈≈≈≈≈≈≈≈ ≈≈..≈.
#≈≈≈≈≈≈≈≈≈≈≈≈≈ ≈≈≈≈≈
≈≈≈≈≈≈≈≈≈≈≈≈≈≈


You could see 2 sea snakes, a hippogriff and 2 water nymphs.

Vanquished Creatures
  Jorgrun (Orc:1)
  Polyphemus (Shoals:3)
  Agnes (D:14)
  2 tentacled starspawn (Abyss:3)
  The ghost of Ineosena the Bludgeoner, an adept GrBe of Trog (Shoals:1)
  The ghost of Omuilom the Peltast, a journeyman MiGl of Okawaru (Shoals:3)
  Louise (Shoals:1)
  A draconian stormcaller (Abyss:3)
  2 very ugly things (D:12)
  A lorocyproca (Abyss:3)
  6 dire elephants (Lair:6)
  Snorg (Lair:3)
  An ettin (D:13)
  2 merfolk javelineers
  A merfolk impaler (Shoals:3)
  A yaktaur captain (D:15)
  A fire dragon (D:11)
  An ogre mage (D:14)
  Fannar (Lair:3)
  The ghost of Valentain the Geomancer, a journeyman OpEE of Vehumet (D:12)
  A catoblepas (Shoals:2)
  5 hydras
  2 alligator snapping turtles (Shoals:2)
  An anaconda (Lair:6)
  A death knight (D:14)
  3 merfolk avatars
  A satyr (Shoals:2)
  5 two-headed ogres
  3 death yaks
  3 centaur warriors (D:15)
  A wretched star (Abyss:3)
  Nergalle (Lair:4)
  7 slime creatures
  A skeletal warrior (D:14)
  An unseen horror (D:10)
  2 glowing orange brains (D:12)
  4 sea snakes
  A deep elf archer (D:14)
  A necromancer (Lair:3)
  7 harpies
  4 deep elf magi (D:14)
  8 orc knights
  15 ugly things
  4 fauns
  5 manticores
  5 cyclopes
  15 elephants
  A guardian serpent (shapeshifter) (D:14)
  5 black mambas
  3 water nymphs
  A molten gargoyle (D:13)
  A smoke demon (Abyss:3)
  7 merfolk sirens
  Maggie (Lair:1)
  A black mamba (shapeshifter) (D:14)
  8 cane toads
  A torpor snail (Lair:6)
  A gargoyle (D:15)
  4 rime drakes
  A redback zombie (D:15)
  An ancient zyme (Abyss:3)
  An efreet (D:11)
  15 merfolk
  10 komodo dragons
  2 hornets
  2 wind drakes
  6 trolls
  4 raiju (Abyss:2)
  Prince Ribbit (D:6)
  2 polar bears
  6 snapping turtles
  4 hippogriffs
  4 blink frogs (Lair:6)
  16 dream sheep
  5 flying skulls (Abyss:3)
  A raiju (shapeshifter) (D:15)
  4 water elementals
  A shadow (D:13)
  A ynoxinul (Abyss:3)
  44 yaks
  6 wraiths
  3 wyverns
  4 vampire mosquitoes (D:13)
  3 basilisks
  3 neqoxecs (D:12)
  A chaos spawn (Abyss:3)
  2 nagas (Lair:3)
  2 wargs
  2 soldier ants
  A small abomination (Abyss:3)
  8 water moccasins
  A porcupine (shapeshifter) (D:12)
  12 porcupines
  5 ice beasts
  A swamp drake (Lair:4)
  4 sky beasts
  The ghost of anet the Covert, an amateur GnDe (D:6)
  3 black bears
  41 orc warriors
  12 ogres
  4 phantoms
  47 wolves
  9 boggarts
  A centaur (shapeshifter) (D:12)
  29 centaurs
  29 crocodiles
  3 big kobolds
  An earth elemental (Abyss:3)
  18 bullfrogs
  3 scorpions
  6 howler monkeys
  A howler monkey (shapeshifter) (D:12)
  3 lava snakes (D:13)
  9 hounds
  4 quasits
  5 centaur zombies
  10 centaur skeletons
  27 orc wizards
  12 orc priests
  Crazy Yiuf (D:3)
  7 jellies
  An iron imp (Abyss:3)
  Jessica (D:2)
  3 bullfrog skeletons
  Terence (D:3)
  8 iguanas
  Natasha (thrice) (D:2)
  8 worker ants
  3 yak simulacra (Lair:3)
  7 wolf simulacra (Lair:3)
  8 big kobold zombies (Ossuary)
  4 hound skeletons
  2 mummies
  9 gnolls
  9 adders
  A shadow imp (D:8)
  3 white imps
  2 ufetubi
  3 oozes
  A dart slug (D:3)
  19 leopard geckos
  An orc (shapeshifter) (D:12)
  94 orcs
  2 spectral bats (Ossuary)
  A bat simulacrum (Ossuary)
  6 giant cockroaches
  4 gnoll zombies (Ossuary)
  A hobgoblin (shapeshifter) (D:12)
  10 hobgoblins
  18 jackals
  42 kobolds
  2 quokkas
  2 ball pythons
  13 bats
  11 frilled lizards
  20 goblins
  3 goblin simulacra (Ossuary)
  5 goblin zombies
  5 hobgoblin zombies
  A kobold (shapeshifter) (D:12)
  6 kobold simulacra (Ossuary)
  5 kobold zombies (Ossuary)
  A leopard gecko skeleton (D:4)
  4 orc zombies (Ossuary)
  A quokka skeleton (D:7)
  8 rats
  4 rat simulacra (Ossuary)
  A river rat simulacrum (Lair:3)
  4 spectral goblins (Ossuary)
  2 spectral kobolds (Ossuary)
  4 spectral rats (Ossuary)
  A fungus (Lair:6)
  4 plants
  2 starspawn tentacles (Abyss:3)
  3 tentacles (Shoals:1)
1031 creatures vanquished.

Vanquished Creatures (others)
  A satyr (Shoals:3)
  A dancing weapon (Shoals:2)
  A boggart (D:15)
  A small abomination (Abyss:3)
  A hobgoblin zombie (Ossuary)
  11 fungi
  14 plants
  6 starspawn tentacles (Abyss:3)
  17 tentacles (Shoals:1)
53 creatures vanquished.

Grand Total: 1084 creatures vanquished

Notes
Turn   | Place    | Note
-------+----------+-------------------------------------------
     0 | D:1      | Infinimo the Demonspawn Fighter began the quest for the
                  | Orb.
     0 | D:1      | Reached XP level 1. HP: 18/18 MP: 1/1
   103 | D:1      | Reached skill level 2 in Long Blades
   269 | D:1      | Gained mutation: You regenerate a little health from kills.
                  | [demonic ancestry]
   269 | D:1      | Reached XP level 2. HP: 24/24 MP: 2/2
   599 | D:1      | Gained mutation: You are partially covered in slimy green
                  | scales. (AC +2) [demonic ancestry]
   599 | D:1      | Reached XP level 3. HP: 26/29 MP: 3/3
  1320 | D:2      | Noticed Jessica
  1320 | D:2      | Noticed Natasha
  1344 | D:2      | Killed Natasha
  1344 | D:2      | Reached XP level 4. HP: 31/35 MP: 4/4
  1359 | D:2      | Killed Jessica
  1359 | D:2      | Reached skill level 3 in Long Blades
  1536 | D:2      | Noticed Natasha
  1552 | D:2      | Killed Natasha
  1552 | D:2      | Gained mutation: You have large cloven feet. [demonic
                  | ancestry]
  1552 | D:2      | Reached XP level 5. HP: 14/42 MP: 5/5
  1731 | D:2      | Noticed Natasha
  1745 | D:2      | Killed Natasha
  1893 | D:2      | You fall into a shaft and drop 1 floor!
  1996 | D:3      | Noticed Terence
  2012 | D:3      | Killed Terence
  2753 | D:3      | Found a runed translucent door.
  2754 | D:3      | Noticed Crazy Yiuf
  2827 | D:3      | Reached XP level 6. HP: 48/48 MP: 6/6
  3000 | D:3      | Killed Crazy Yiuf
  3152 | D:4      | Found a sand-covered staircase.
  3159 | D:4      | Reached skill level 4 in Long Blades
  3178 | Ossuary  | Entered an ossuary
  3625 | D:4      | Gained mutation: You have hoof-like feet. [demonic
                  | ancestry]
  3625 | D:4      | Reached XP level 7. HP: 53/55 MP: 7/7
  3674 | D:4      | Found a bloodstained altar of Trog.
  4221 | D:4      | Got a brightly glowing chain mail
  4232 | D:4      | Identified the +4 chain mail the Durable Monkey {Str+4
                  | SInv} (You found it on level 4 of the Dungeon)
  4239 | D:5      | Entered Level 5 of the Dungeon
  4315 | D:5      | Found a blossoming altar of Fedhas.
  4380 | D:5      | Reached skill level 5 in Long Blades
  4506 | D:5      | Reached skill level 5 in Fighting
  4712 | D:5      | Gained mutation: You regenerate health from kills. [demonic
                  | ancestry]
  4712 | D:5      | Reached XP level 8. HP: 52/62 MP: 8/8
  5198 | D:6      | Reached skill level 6 in Long Blades
  5209 | D:6      | Noticed Prince Ribbit
  5288 | D:6      | Reached skill level 5 in Armour
  5288 | D:6      | Reached skill level 5 in Shields
  5380 | D:6      | Found a staircase to the Ecumenical Temple.
  5397 | D:6      | Found a sparkling altar of Nemelex Xobeh.
  5440 | D:6      | Killed Prince Ribbit
  5653 | D:6      | Found a white marble altar of Elyvilon.
  5671 | D:6      | Noticed a manticore
  5674 | D:6      | Noticed anet's ghost (amateur GnDe)
  5676 | D:6      | Found a runed translucent gate.
  5676 | D:6      | Found a runed translucent gate.
  5676 | D:6      | Found a runed translucent gate.
  5679 | D:6      | Noticed a manticore
  5754 | D:6      | Reached skill level 7 in Long Blades
  5754 | D:6      | Reached XP level 9. HP: 66/69 MP: 9/9
  5880 | Temple   | Entered the Ecumenical Temple
  6096 | Temple   | Became a worshipper of Gozag Ym Sagoz the Greedy
  6266 | D:6      | Gained mutation: You can translocate small distances at
                  | will. [potion of mutation]
  6266 | D:6      | Gained mutation: You have a pair of small horns on your
                  | head. [potion of mutation]
  6276 | D:6      | Killed a manticore
  6416 | D:6      | Killed anet's ghost
  6432 | D:6      | Killed a manticore
  6785 | D:7      | Reached skill level 8 in Long Blades
  6816 | D:7      | Found a shadowy altar of Dithmenos.
  7440 | D:8      | Found a hazy altar of Hepliaklqana.
  7440 | D:8      | Found a shimmering altar of Xom.
  7440 | D:8      | Found a blossoming altar of Fedhas.
  7441 | D:8      | Found an ornate altar of the Wu Jian Council.
  7506 | D:8      | Noticed a two-headed ogre
  7522 | D:8      | Killed a two-headed ogre
  7522 | D:8      | Gained mutation: You are immune to rotting. [demonic
                  | ancestry]
  7522 | D:8      | Reached XP level 10. HP: 32/79 MP: 10/10
  7930 | D:8      | Reached skill level 9 in Long Blades
  8393 | D:9      | Found Ysec's Distillery.
  8418 | D:9      | Bought a potion of curing for 36 gold pieces
  8418 | D:9      | Bought a potion of curing for 36 gold pieces
  8418 | D:9      | Bought a potion of curing for 36 gold pieces
  8418 | D:9      | Bought a potion of might for 48 gold pieces
  8465 | D:9      | Found Riheoc's Armour Shop.
  8478 | D:9      | Bought the +0 mask of the Dragon {MR+ Slay+3 SInv} for 400
                  | gold pieces
  8478 | D:9      | Found the +0 mask of the Dragon {MR+ Slay+3 SInv}
  8522 | D:9      | Found Xaisy's Gadget Shop.
  8680 | D:9      | Found Yxzaaff's Assorted Antiques.
  8683 | D:9      | Noticed a two-headed ogre
  8694 | D:9      | Killed a two-headed ogre
  8703 | D:9      | Found Icur's Gadget Emporium.
  8710 | D:9      | Bought a scroll of blinking for 180 gold pieces
  8710 | D:9      | Bought a scroll labeled TESTOR XAXEPS for 24 gold pieces
  9127 | D:10     | Entered Level 10 of the Dungeon
  9276 | D:10     | Reached skill level 10 in Long Blades
  9301 | D:10     | Found a radiant altar of Vehumet.
  9428 | D:10     | Noticed an unseen horror
  9436 | D:10     | Killed an unseen horror
  9436 | D:10     | Reached XP level 11. HP: 84/87 MP: 11/11
  9602 | D:10     | Found a glowing golden altar of the Shining One.
  9944 | D:11     | Noticed a brown ugly thing
  9958 | D:11     | Killed a brown ugly thing
 10254 | D:11     | Noticed a fire dragon
 10593 | D:11     | Noticed a two-headed ogre
 10600 | D:11     | Killed a two-headed ogre
 10600 | D:11     | Reached skill level 11 in Long Blades
 10733 | D:11     | Killed a fire dragon
 10821 | D:11     | Found a staircase to the Lair.
 11120 | D:9      | Bought the +4 scale mail of the Hills {+Inv MR+ Int-2
                  | Slay+3} for 624 gold pieces
 11290 | D:12     | Found Vugaoteq's Assorted Antiques.
 11330 | D:12     | Bought a warped chain mail for 389 gold pieces
 11330 | D:12     | Bought a dented steel amulet for 205 gold pieces
 11340 | D:12     | Identified the cursed +1 chain mail "Hekigo" {Str+5} (You
                  | bought it in a shop on level 12 of the Dungeon)
 11608 | D:12     | Got a translucent ring mail
 11715 | D:12     | Noticed a purple ugly thing
 11724 | D:12     | Killed a purple ugly thing
 11724 | D:12     | Gained mutation: You are mostly covered in slimy green
                  | scales. (AC +3) [demonic ancestry]
 11724 | D:12     | Reached XP level 12. HP: 95/96 MP: 12/12
 11786 | D:12     | Found a staircase to the Orcish Mines.
 12114 | D:12     | Found a runed translucent gate.
 12114 | D:12     | Found a runed translucent gate.
 12116 | D:12     | Found a runed translucent gate.
 12116 | D:12     | Noticed a cyan very ugly thing
 12118 | D:12     | Noticed a red very ugly thing
 12442 | D:12     | Killed a purple very ugly thing
 12465 | D:12     | Reached skill level 12 in Long Blades
 12482 | D:12     | Reached skill level 10 in Fighting
 12670 | D:12     | Found a runed translucent gate.
 12670 | D:12     | Found a runed translucent gate.
 12676 | D:12     | Noticed Valentain's ghost (journeyman OpEE)
 12677 | D:12     | Found a runed translucent gate.
 12685 | D:12     | You fall into a shaft and drop 3 floors!
 12685 | D:15     | Entered Level 15 of the Dungeon
 12725 | D:15     | Found a white marble altar of Elyvilon.
 12896 | D:14     | Noticed Agnes
 12930 | D:14     | Killed Agnes
 13028 | D:14     | Noticed a four-headed hydra
 13028 | D:14     | Noticed a death knight
 13210 | D:12     | Killed a red very ugly thing
 13298 | D:12     | Killed Valentain's ghost
 13315 | D:12     | Gained mutation: You are weak. (Str -2) [a neqoxec]
 13395 | D:12     | Gained mutation: You are frail. (-10% HP) [mutagenic glow]
 13430 | D:11     | Gained mutation: You are very frail. (-20% HP) [mutagenic
                  | glow]
 13436 | Lair:1   | Entered Level 1 of the Lair of Beasts
 13461 | Lair:1   | Reached XP level 13. HP: 64/83 MP: 13/13
 13954 | Lair:1   | Reached skill level 13 in Long Blades
 14189 | Lair:1   | Noticed Maggie
 14200 | Lair:1   | Killed Maggie
 15130 | Lair:2   | Identified the +7 ring mail "Luca" {rF+ Dex+2} (You found
                  | it on level 12 of the Dungeon)
 15161 | Lair:3   | Found a staircase to the Snake Pit.
 15172 | Lair:3   | Reached skill level 10 in Shields
 15246 | Lair:3   | Noticed Fannar
 15258 | Lair:3   | Killed Fannar
 15258 | Lair:3   | Reached skill level 10 in Armour
 15539 | Lair:3   | Found a staircase to the Shoals.
 15836 | Lair:3   | Noticed Snorg
 15843 | Lair:3   | Killed Snorg
 16045 | Lair:4   | Noticed Nergalle
 16111 | Lair:4   | Killed Nergalle
 16645 | Lair:4   | Reached skill level 14 in Long Blades
 16666 | Lair:4   | Reached XP level 14. HP: 87/90 MP: 14/14
 16670 | Lair:4   | Lost mutation: You have a pair of small horns on your head.
                  | [potion of mutation]
 16670 | Lair:4   | Lost mutation: You are very frail. (-20% HP) [potion of
                  | mutation]
 16670 | Lair:4   | Lost mutation: You are weak. (Str -2) [potion of mutation]
 16670 | Lair:4   | Lost mutation: You can translocate small distances at will.
                  | [potion of mutation]
 16670 | Lair:4   | Gained mutation: Your mind is acute. (Int +2) [potion of
                  | mutation]
 16670 | Lair:4   | Gained mutation: You can translocate small distances at
                  | will. [potion of mutation]
 16670 | Lair:4   | Gained mutation: You occasionally shout uncontrollably at
                  | your foes. [potion of mutation]
 16670 | Lair:4   | Gained mutation: You have an increased reservoir of magic.
                  | (+10% MP) [potion of mutation]
 16671 | Lair:4   | Lost mutation: You occasionally shout uncontrollably at
                  | your foes. [potion of mutation]
 16671 | Lair:4   | Lost mutation: Your mind is acute. (Int +2) [potion of
                  | mutation]
 16671 | Lair:4   | Lost mutation: You have an increased reservoir of magic.
                  | (+10% MP) [potion of mutation]
 16671 | Lair:4   | Gained mutation: You evolve. [potion of mutation]
 16671 | Lair:4   | Gained mutation: Your spells are a little easier to cast,
                  | but a little less powerful. [potion of mutation]
 16671 | Lair:4   | Gained mutation: Your mind is acute. (Int +2) [potion of
                  | mutation]
 16671 | Lair:4   | Lost mutation: You are frail. (-10% HP) [potion of
                  | mutation]
 17555 | Lair:5   | Found a staircase to the Slime Pits.
 17556 | Lair:5   | Found a viscous altar of Jiyva.
 17833 | Lair:6   | Entered Level 6 of the Lair of Beasts
 19556 | Lair:6   | Lost mutation: Your spells are a little easier to cast, but
                  | a little less powerful. [evolution]
 20061 | Lair:6   | Reached skill level 15 in Long Blades
 20253 | Lair:6   | Bought a +1 crystal plate armour for 1740 gold pieces
 20453 | Orc:1    | Entered Level 1 of the Orcish Mines
 20651 | Orc:1    | Noticed Jorgrun
 20808 | Orc:1    | Killed Jorgrun
 21009 | Orc:2    | Entered Level 2 of the Orcish Mines
 21009 | Orc:2    | Found a staircase to the Elven Halls.
 21009 | Orc:2    | Found Zergheidu's Weapon Boutique.
 21527 | Orc:1    | Found Upnim's General Store.
 21537 | Orc:1    | Bought a scroll of teleportation for 54 gold pieces
 21537 | Orc:1    | Bought a potion of heal wounds for 90 gold pieces
 21587 | Orc:2    | Reached XP level 15. HP: 95/122 MP: 15/15
 22239 | Orc:2    | Found Heexuhy's Gadget Shop.
 22239 | Orc:2    | Found Bauklow's Antique Armour Shoppe.
 22241 | Orc:2    | Found Calot's Antique Weapon Emporium.
 22243 | Orc:2    | Found Ogaothring's Antique Armour Boutique.
 22248 | Orc:2    | Bought a pair of glowing gloves for 187 gold pieces
 22255 | Orc:2    | Bought a pair of fading boots for 209 gold pieces
 22265 | Orc:2    | Identified the +1 pair of boots "Danifagu" {Slay+2} (You
                  | bought it in a shop on level 2 of the Orcish Mines)
 23843 | D:14     | Found a gate to the Vaults.
 24962 | D:15     | Reached skill level 16 in Long Blades
 25187 | D:15     | Found a staircase to the Depths.
 25424 | D:15     | Bought a pair of faintly humming gloves for 171 gold pieces
 25435 | D:15     | Identified the cursed +0 pair of gloves of Least Resistance
                  | {+Blink +Fly} (You bought it in a shop on level 15 of the
                  | Dungeon)
 25450 | D:15     | Bought a shiny kite shield for 135 gold pieces
 25464 | D:15     | Bought a scarf of resistance for 512 gold pieces
 25650 | Shoals:1 | Entered Level 1 of the Shoals
 25737 | Shoals:1 | Noticed Louise
 25776 | Shoals:1 | Cast into level 2 of the Abyss (Louise)
 25953 | Abyss:3  | Gained mutation: Your spells are a little easier to cast,
                  | but a little less powerful. [a shining eye]
 26193 | Abyss:3  | Noticed a tentacled starspawn
 26205 | Abyss:3  | Killed a tentacled starspawn
 26302 | Abyss:3  | Noticed a tentacled starspawn
 26328 | Abyss:3  | Killed a tentacled starspawn
 26328 | Abyss:3  | Reached XP level 16. HP: 67/131 MP: 1/12
 26374 | Shoals:1 | Escaped the Abyss
 26403 | Shoals:1 | Killed Louise
 26887 | Shoals:1 | Noticed a kraken
 27765 | Shoals:2 | Found a runed translucent door.
 27787 | Shoals:2 | Found a shimmering altar of Xom.
 27787 | Shoals:2 | Noticed Ineosena's ghost (adept GrBe)
 27787 | Shoals:2 | Identified the +9 war axe "Inemofel" {chaos, rPois MR+ MP+9
                  | Str+3}
 27850 | Shoals:2 | Found Acyteete's Gadget Shop.
 28368 | Shoals:2 | Found Jietotwa's Weapon Shop.
 28843 | Shoals:2 | Found Dusk's Gadget Emporium.
 29376 | Shoals:1 | Killed Ineosena's ghost
 29554 | Shoals:2 | Got a coiled lead ring
 29559 | Shoals:2 | Identified the ring of Hygebo Jugeg {rCorr Str-4 Int+3
                  | Slay+5} (You found it on level 2 of the Shoals)
 29560 | Shoals:2 | Identified the +1 plate armour "Xefeoll" {Regen+ Int+6}
                  | (You found it on level 2 of the Shoals)
 29913 | Shoals:3 | Noticed Polyphemus
 29933 | Shoals:3 | Killed Polyphemus
 29933 | Shoals:3 | Reached skill level 17 in Long Blades
 30854 | Shoals:3 | Found a runed translucent door.
 30856 | Shoals:3 | Noticed Omuilom's ghost (journeyman MiGl)
 30951 | Shoals:3 | Killed Omuilom's ghost
 30990 | Shoals:3 | Succumbed to a sea snake's poison

Illustrated notes

Levels and vault maps discovered:
D:1:      eino_arrival_water_star, layout_basic, minmay_split_cup_large
D:2:      layout_basic, serial_glass, glass_columns_a, glass_columns_a,
          glass_columns_a, glass_columns_b, glass_columns_b, glass_columns_a,
          glass_columns_a, glass_columns_a, minivault_24, uniq_jessica,
          uniq_natasha
D:3:      layout_rooms, uniq_terence, uniq_crazy_yiuf_cottage
D:4:      layout_gridville, bloody_trog, nicolae_ossuary_entry_giza,
          palyth_stone_intersect
D:5:      kennysheep_kobold_camp, layout_loops_ring, basic_altar,
          chequers_jeans, minmay_ogre_servants
D:6:      layout_gridville, kennysheep_mini_moat, kennysheep_mini,
          gammafunk_ghost_split, uniq_prince_ribbit1
D:7:      layout_gridville, nicolae_dithmenos_the_darkroom
D:8:      layout_basic, chequers_temple_overflow_statue_of_worship,
          minmay_misc_feat_four_crosses
D:9:      layout_loops_ring, serial_shops, nicolae_shop_waterfront,
          nicolae_shop_temple_entry_statues_fountains, shop,
          nicolae_shop_overgrown_old_shop, nicolae_shop_statue_plus,
          minmay_hedge_maze
D:10:     layout_basic, basic_altar, tso_metal_star
D:11:     hangedman_cross_stitches, layout_cave_pods,
          grunt_lair_entry_orc_guard_hut
D:12:     layout_irregular_city, erik_orc_3, serial_shops, nicolae_shop_crystal,
          ploomutoo_gammafunk_ghost_potion_laboratory,
          minmay_misc_feat_secret_circle
D:13:     layout_basic, kennysheep_island_fort
D:14:     layout_rooms, hangedman_vaults_entry_quadrant_bands,
          minmay_misc_feat_roman, uniq_agnes
D:15:     grunt_enter_depths_snipers, layout_loops_cross, serial_rivers,
          chequers_serial_rivers_small_3, chequers_serial_rivers_micro_a,
          chequers_serial_rivers_micro_c, chequers_serial_rivers_small_b,
          chequers_serial_rivers_micro_e, lemuel_tele_altar
Temple:   regret_index_temple_generic_petals
Lair:1:   layout_gridlike, minivault_11, lemuel_fruit_fields,
          lemuel_fruit_fields, serial_bayou_shore_a, grunt_megastairs_2,
          uniq_maggie
Lair:2:   layout_roguey, grunt_megastairs_1
Lair:3:   layout_misc_corridors, elwin_shoals_entry_rooms,
          guppyfry_snake_entry_island, eino_house_with_fridge, uniq_snorg,
          uniq_fannar
Lair:4:   lemuel_reptile_caves, layout_regular_city,
          nicolae_quartered_pool_little, nicolae_lair_grove_arrangements,
          grunt_forest_large_clearings, uniq_nergalle
Lair:5:   layout_misc_corridors, slime_altar_1
Lair:6:   due_jungle_book, layout_cave_pods
Shoals:1: layout_shoals, uniq_louise
Shoals:2: layout_shoals, serial_shops, shop_statue, shop,
          nicolae_shop_window_shopping, ebering_ghost_xom
Shoals:3: layout_shoals, serial_shops, nicolae_shop_trees,
          gammafunk_ghost_grave, uniq_polyphemus
Orc:1:    layout_caves, serial_shops, nicolae_shop_trees, uniq_jorgrun
Orc:2:    st_orc_rangers, layout_caves, serial_shops, nicolae_shop_waterfront

Skill      XL: |  1  2  3  4  5  6  7  8  9 10 11 12 13 14 15 16 |
---------------+-------------------------------------------------+-----
Long Blades    | 2 3 4 5 7 8 10 11 12 14 15 16 17 | 17.1
Armour         | 3 4 5 6 7 8 9 10 11 12 | 12.9
Shields        | 3 4 5 6 7 8 9 10 11 12 | 12.9
Fighting       | 4 5 6 7 8 9 10 11 12 13 | 13.9

Action                   |  1- 3 |  4- 6 |  7- 9 | 10-12 | 13-15 | 16-18 || total
-------------------------+-------+-------+-------+-------+-------+-------++-------
Melee: Long sword        |   148 |   343 |   128 |       |       |       ||   619
       Kick              |       |   102 |    94 |   287 |    70 |       ||   553
       Scimitar          |       |       |   222 |   720 |  2336 |   869 ||  4147
       Headbutt          |       |       |    22 |   146 |   117 |       ||   285
       Unarmed           |       |       |       |       |       |    14 ||    14
Invok: Call Merchant     |       |       |       |       |     4 |       ||     4
 Abil: Blink             |       |       |       |     1 |       |       ||     1
Evoke: Wand              |       |       |       |     1 |    25 |       ||    26
  Use: Scroll            |       |     6 |    13 |    11 |    16 |     6 ||    52
       Potion            |       |       |     4 |     4 |    15 |    14 ||    37
 Stab: Distracted        |       |       |       |     3 |     9 |     3 ||    15
       Confused          |       |       |       |     1 |       |       ||     1
       Invisible         |       |       |       |       |       |     1 ||     1
Armor: Scale mail        |   100 |   149 |     6 |    61 |   496 |       ||   812
       Chain mail        |       |       |   179 |   167 |       |       ||   346
       Skin              |       |       |    14 |     6 |       |     8 ||    28
       Crystal plate arm |       |       |       |       |  1075 |   539 ||  1614
Dodge: Dodged            |    50 |    61 |    71 |   129 |   516 |   115 ||   942
Block: Kite shield       |    90 |   161 |   199 |   341 |  1610 |   438 ||  2839
       Rpst.: Long sword |    16 |    24 |     3 |       |       |       ||    43
       Scimitar          |       |       |    10 |    28 |   128 |    23 ||   189

Table legend: (Time is in decaauts)
 A = Elapsed time spent in this place.
 B = Non-inter-level travel time spent in this place.
 C = Inter-level travel time spent in this place.
 D = Time resting spent in this place.
 E = Time spent auto-exploring this place.
 F = Levels seen in this place.
 G = Mean time per level.
                   A        B        C        D        E       F      G
               +--------+--------+--------+--------+--------+-----+--------+
         Total |  30614 |  29087 |   1527 |   2017 |  19890 |  30 | 1020.5 |
       Dungeon |  16062 |  15126 |    936 |    641 |  10945 |  15 | 1070.8 |
        Temple |    241 |    195 |     46 |      0 |    194 |   1 |  241.0 |
          Lair |   6863 |   6506 |    357 |    459 |   4739 |   6 | 1143.8 |
        Shoals |   4683 |   4575 |    108 |    566 |   2761 |   3 | 1561.0 |
  Orcish Mines |   1754 |   1675 |     79 |    243 |    931 |   2 |  877.0 |
         Abyss |    553 |    553 |      0 |    105 |    138 |   2 |  276.5 |
       Ossuary |    455 |    455 |      0 |      2 |    181 |   1 |  455.0 |
               +--------+--------+--------+--------+--------+-----+--------+

Top non-repeatable levels by time:
  Lair:6: 2405 daAuts
Shoals:2: 2150 daAuts
    D:12: 1805 daAuts
Shoals:1: 1731 daAuts
    D:14: 1317 daAuts
    D:11: 1297 daAuts
     D:2: 1245 daAuts
     D:1: 1198 daAuts
    D:15: 1126 daAuts
  Lair:4: 1075 daAuts
  Lair:1: 1072 daAuts
     D:5: 1047 daAuts
     D:6: 1039 daAuts
     D:8: 997 daAuts
     D:9: 917 daAuts
